 Dungeon Crawl Stone Soup version 0.30.1-9-gdf580d7c3d (webtiles) character file.

Game seed: 12643734146869650316

492 Wiggles the Chopper (level 6, -7/56 HPs)
             Began as a Minotaur Berserker on Oct 6, 2023.
             Was a Believer of Trog.
             Mangled by Duvessa
             ... wielding a +0 rapier
              (14 damage)
             ... on level 5 of the Dungeon.
             The game lasted 00:03:20 (1941 turns).

Wiggles the Chopper (Minotaur Berserker)            Turns: 1941, Time: 00:03:20

Health: -7/56      AC: 11    Str: 24    XL:     6   Next: 91%
Magic:  5/5        EV: 10    Int:  4    God:    Trog [**....]
Gold:   162        SH:  0    Dex: 15    Spells: 5/5 levels left

rFire   . . .        t - +0 war axe
rCold   . . .        (no shield)
rNeg    . . .        r - +0 chain mail
rPois   .            (helmet restricted)
rElec   .            (no cloak)
rCorr   +            (no gloves)
SInv    .            m - +1 pair of boots
Will    .....        (no amulet) Stlth
                     j - ring of resist corrosion
HPRegen 0.29/turn    f - +6 ring of dexterity
MPRegen 0.09/turn

%: no passive effects
@: on berserk cooldown, slowed, very slow
A: horns 2, retaliatory headbutt
a: Renounce Religion, Berserk, Trog's Hand


You were on level 5 of the Dungeon.
You worshipped Trog.
Trog was pleased with you.
You visited 1 branch of the dungeon, and saw 4 of its levels.

You collected 162 gold pieces.

Inventory:

Hand Weapons
 t - a +0 war axe (weapon)
Armour
 m - a +1 pair of boots (worn)
 r - a +0 chain mail (worn)
Jewellery
 f - a +6 ring of dexterity (right hand)
 h - a ring of protection from cold
 j - a ring of resist corrosion (left hand)
Scrolls
 a - a scroll of enchant weapon {unknown}
 d - a scroll of fog {unknown}
 e - a scroll of butterflies {unknown}
 g - 3 scrolls of identify {unknown}
 i - 2 scrolls of teleportation {unknown}
 k - a scroll of vulnerability {unknown}
 o - 3 scrolls of fear {unknown}
 p - a scroll of noise {unknown}
Potions
 b - 2 potions of flight {unknown}
 c - a potion of curing {unknown}
 l - 3 potions of might {unknown}
 n - a potion of cancellation {unknown}
 q - a potion of attraction {unknown}
 s - a potion of heal wounds {unknown}


   Skills:
 + Level 5.0 Fighting
 + Level 7.1 Axes
 + Level 4.7 Armour
 + Level 3.0 Dodging
 + Level 0.9 Stealth


You had 5 spell levels left.
You didn't know any spells.
Your spell library was empty.

Dungeon Overview and Level Annotations

Branches:
Dungeon (3/15)

Altars:

Annotations:
D:5 Duvessa


Innate Abilities, Weirdness & Mutations

You have a pair of horns on your head.
You reflexively headbutt those who attack you in melee.


Message History

You are exhausted.
You feel yourself slow down.
Things that are here:
a +0 dagger; a +0 robe Duvessa, Sister of Dowan comes into view.
She is wielding a +0 rapier.
Duvessa shouts!
Duvessa goes berserk!
You hear a shout!
Duvessa barely misses you.
You hear a bark!
You closely miss Duvessa. Duvessa misses you.
Duvessa hits you but does no damage.
You barely miss Duvessa. Duvessa hits you but does no damage. x2
An orc comes into view. It is wielding a +0 flail.
Duvessa barely misses you. You furiously retaliate!
You headbutt Duvessa. You hit Duvessa. You headbutt Duvessa, but do no damage.
Duvessa is lightly wounded.
A hound comes into view.
Duvessa hits you with a +0 rapier! Duvessa hits you with a +0 rapier.
The hound moves out of view.
You slash Duvessa!
Duvessa is lightly wounded.
Duvessa closely misses you. Duvessa hits you with a +0 rapier! x2
You hit Duvessa but do no damage.
Duvessa is lightly wounded.
Duvessa hits you but does no damage. Duvessa hits you with a +0 rapier.
The orc hits you but does no damage. Duvessa hits you with a +0 rapier!
* * * LOW HITPOINT WARNING * * *
You hit Duvessa but do no damage. You headbutt Duvessa!
Duvessa is moderately wounded.
You hit the orc. Duvessa closely misses you. The orc hits you with a +0 flail.
* * * LOW HITPOINT WARNING * * *
Duvessa hits you but does no damage. The orc hits you but does no damage.
You barely miss Duvessa. You headbutt Duvessa, but do no damage.
Duvessa is moderately wounded.
You hit the orc.
You kill the orc!
Trog accepts your kill. Duvessa barely misses you.
Duvessa hits you with a +0 rapier!
You die...

.#....## #......#...#
##..#..# ######.#..#.#...#
##......###.........#.#...#
####.......####.#.##.##.:.#
... ..## #.#.##.. ....# ...
#.#..##. ...# #.##.##..#..
# #..#.##.....
####.######.@)......#
#........)..e...##..ยง
...####.######.#.# ....
....# ####.# #.#... .#
#.#.... .. #.# ... #. #.#
##.. #.


You could see Duvessa (berserk).

Vanquished Creatures
  A black bear (D:5)
  An ogre (D:5)
  Dowan (D:5)
  An orc priest (D:3)
  3 hounds (D:5)
  2 iguanas (D:5)
  A sleepcap (D:5)
  An adder (D:2)
  An adder skeleton (D:2)
  A worm (D:2)
  3 orcs
  A ball python (D:2)
  An endoplasm (D:3)
  13 giant cockroaches
  5 goblins
  2 hobgoblins
  8 kobolds
  5 quokkas
  A ball python skeleton (D:2)
  A ball python zombie (D:2)
  3 bats
  2 frilled lizards
  A quokka skeleton (D:2)
  2 rats
61 creatures vanquished.

Notes
Turn   | Place    | Note
-------+----------+-------------------------------------------
     0 | D:1      | Wiggles the Minotaur Berserker began the quest for the Orb.
     0 | D:1      | Reached XP level 1. HP: 19/19 MP: 0/0
   180 | D:1      | Reached XP level 2. HP: 26/27 MP: 1/1
   186 | D:1      | Reached skill level 4 in Axes
   853 | D:2      | Reached XP level 3. HP: 33/33 MP: 2/2
   861 | D:2      | Reached ** piety under Trog
  1434 | D:3      | Reached XP level 4. HP: 41/41 MP: 3/3
  1437 | D:3      | Reached skill level 5 in Axes
  1608 | D:3      | You fall into a shaft and drop 2 floors!
  1608 | D:5      | Entered Level 5 of the Dungeon
  1611 | D:5      | Noticed an ogre
  1619 | D:5      | Noticed a black bear
  1620 | D:5      | Killed an ogre
  1621 | D:5      | Reached skill level 6 in Axes
  1621 | D:5      | Reached XP level 5. HP: 19/47 MP: 4/4
  1634 | D:5      | Killed a black bear
  1635 | D:5      | Reached XP level 6. HP: 11/55 MP: 5/5
  1803 | D:5      | Reached skill level 5 in Fighting
  1913 | D:5      | Noticed Dowan
  1926 | D:5      | Killed Dowan
  1927 | D:5      | Reached skill level 7 in Axes
  1933 | D:5      | Noticed Duvessa
  1941 | D:5      | Mangled by Duvessa

Illustrated notes

Levels and vault maps discovered:
D:1:      dpeg_arrival_oval, layout_loops_ring
D:2:      minmay_roachtagon, layout_basic, serial_undead, serial_undead_c,
          serial_undead_e, serial_undead_b, serial_undead_d,
          nicolae_kite_square_tiling_tiny
D:3:      layout_loops_corners, nicolae_wu_jian_immortal_techniques,
          serial_forest, infiniplex_forest_diagonal,
          infiniplex_forest_clump_medium, infiniplex_forest_join,
          infiniplex_forest_clump_large, infiniplex_forest_clump_long,
          infiniplex_forest_lined_3, infiniplex_forest_clump_tiny,
          eino_tiny_chamber, chequers_serial_rivers_room_a,
          kennysheep_generic_room_12
D:5:      layout_rooms, uniq_pikel, uniq_duvessa

Skill      XL: |  1  2  3  4  5  6 |
---------------+-------------------+-----
Axes           | 4 6 7 |  7.1
Fighting       | 4 5 |  5.0
Armour         | 3 4 |  4.7
Dodging        | 3 |  3.0
Stealth        | |  0.9

Action                     |  1- 3 |  4- 6 || total
---------------------------+-------+-------++-------
  Melee: Hand axe          |   104 |     7 ||   111
         Headbutt          |     9 |    11 ||    20
         War axe           |       |    33 ||    33
 Invoke: Berserk           |       |     2 ||     2
 Armour: Ring mail         |    17 |       ||    17
         Animal skin       |     2 |       ||     2
         Chain mail        |    24 |    19 ||    43
  Dodge: Dodged            |    68 |    26 ||    94
